 Dungeon Crawl Stone Soup version 0.20-a0-303-g575bbf7 (webtiles) character file.

4370 Gorice the Scholar of Death (level 10, -2/64 HPs)
             Began as a Demonspawn Necromancer on Dec 17, 2016.
             Was a Follower of Kikubaaqudgha.
             Slain by an eight-headed hydra (6 damage)
             ... on level 8 of the Dungeon.
             The game lasted 01:03:02 (10163 turns).

Gorice the Scholar of Death (DsNe)                 Turns: 10163, Time: 01:03:04

Health: -2/64      AC: 11    Str: 11    XL:     10   Next: 13%
Magic:  23/23      EV: 14    Int: 16    God:    Kikubaaqudgha [*.....]
Gold:   467        SH:  0    Dex: 15    Spells: 9/27 levels left

rFire  . . .     SeeInvis +     a - +0 scimitar
rCold  + . .     Gourm    .     f - +0 ring mail
rNeg   . . .     Faith    .     (no shield)
rPois  .         Spirit   .     s - +0 helmet
rElec  .         Reflect  .     j - +1 cloak
rCorr  .         Harm     .     N - +1 pair of gloves
MR     .....                    (no boots)
Stlth  +.........               (no amulet)
                                i - ring of protection from cold
                                e - ring of see invisible

@: no status effects
A: claws 1, repulsion field 2, foul stench 1, powered by pain 2, rot immunity
a: Receive Corpses, Renounce Religion


You were on level 8 of the Dungeon.
You worshipped Kikubaaqudgha.
Kikubaaqudgha was aware of your devotion.
You were not hungry.

You visited 2 branches of the dungeon, and saw 9 of its levels.
You also visited: Sewer and Ossuary.

You collected 467 gold pieces.

Inventory:

Hand Weapons
 a - a +0 scimitar (weapon)
 B - a +0 blowgun
 K - a +1 whip of pain
   (You took it off an orc on level 7 of the Dungeon)
Missiles
 k - 34 bolts
 x - a javelin (quivered)
 D - 8 poisoned needles
 P - 9 tomahawks
 Z - 190 stones
Armour
 f - a +0 ring mail (worn)
 g - a +0 robe
 j - a +1 cloak (worn)
 s - a +0 helmet (worn)
 I - a +0 chain mail
 M - a +0 plate armour
 N - a +1 pair of gloves (worn)
Jewellery
 e - a ring of see invisible (left hand)
 i - a ring of protection from cold (right hand)
Wands
 y - a wand of polymorph (14/24)
 S - a wand of iceblast (1/15)
Scrolls
 h - a scroll of fog
 q - 3 scrolls of amnesia
 r - a scroll of recharging
 t - 2 scrolls of teleportation {!r}
 E - 3 scrolls of fear {!r}
 J - a scroll of blinking
 Q - 2 scrolls of remove curse
Potions
 d - 5 potions of ambrosia
 l - a potion of lignification {!q}
 m - 3 potions of heal wounds {!q}
 n - 3 potions of agility {unknown}
 o - 3 potions of brilliance {!q}
 p - 2 potions of degeneration {unknown}
 v - a potion of magic {unknown}
 w - a potion of resistance {unknown}
 z - 8 potions of curing
 A - 4 potions of flight
 C - a potion of haste {unknown}
 H - 2 potions of mutation {unknown}
Books
 b - a book of Necromancy
 R - Kikubaaqudgha's Volume of Black Magic
   (Kikubaaqudgha gifted it to you on level 7 of the Dungeon)

   Spells                             Type                      Level
   a - Pain                           Necromancy                   1
   b - Corpse Rot                     Necromancy                   2
   c - Sublimation of Blood           Necromancy                   2
   d - Regeneration                   Charms/Necromancy            3
   e - Control Undead                 Necromancy                   4
 T - a book of Clouds
Comestibles
 c - 3 bread rations {!e}
 u - 3 fruits
 F - a chunk of flesh
 G - 2 beef jerkies
 L - a meat ration {!e}
 O - a slice of pizza


   Skills:
 + Level 0.8 Fighting
 + Level 5.3 Armour
 - Level 1.7 Dodging
 - Level 1.7 Stealth
 - Level 9.2 Spellcasting
 - Level 11.0 Necromancy


You had 9 spell levels left.
You knew the following spells:

 Your Spells              Type           Power        Failure   Level  Hunger
a - Pain                  Necr           ####         1%          1    None
b - Animate Skeleton      Necr           N/A          1%          1    None
c - Vampiric Draining     Necr           #####.....   1%          3    #......
d - Animate Dead          Necr           N/A          2%          4    ###....
e - Control Undead        Necr           #####.....   2%          4    ###....
s - Sublimation of Blood  Necr           #####.....   1%          2    None
R - Regeneration          Chrm/Necr      ####......   10%         3    #......


Dungeon Overview and Level Annotations

Branches:
Dungeon (8/15)             Temple (1/1) D:6
   Lair: D:8-11

Altars:
Ashenzari
Cheibriados
Dithmenos
Elyvilon
Fedhas
Gozag
Hepliaklqana
Kikubaaqudgha
Makhleb
Okawaru
Qazlal
Ru
Sif Muna
Trog
Vehumet
Xom
Yredelemnul
Zin
The Shining One


Innate Abilities, Weirdness & Mutations

You have sharp fingernails.
You are surrounded by a moderate repulsion field. (EV +3)
You may emit foul miasma when damaged in melee.
You sometimes gain power by taking damage.
You are immune to rotting.


Message History

The eight-headed hydra is engulfed in dark miasma.
The eight-headed hydra bites you.
The eight-headed hydra bites you but does no damage.
The eight-headed hydra bites you!
The eight-headed hydra barely misses you.
The eight-headed hydra misses you. The eight-headed hydra bites you!
* * * LOW HITPOINT WARNING * * *
The eight-headed hydra bites you.
* * * LOW HITPOINT WARNING * * *
The eight-headed hydra barely misses you.
Damage: 22 (max 22) Unknown command.
Casting: Vampiric Draining
Confirm with . or Enter, or press ? or * to list all spells.
Aiming: Vampiric Draining
Press: ? - help, Shift-Dir - straight line, f/p - eight-headed hydra
Aim: an eight-headed hydra (foul pestilence, heavily wounded, sick)
The eight-headed hydra is severely wounded.
You feel life coursing into your body.
The eight-headed hydra is engulfed in dark miasma.
The eight-headed hydra bites you.
* * * LOW HITPOINT WARNING * * *
The eight-headed hydra bites you.
* * * LOW HITPOINT WARNING * * *
The eight-headed hydra bites you.
* * * LOW HITPOINT WARNING * * *
The eight-headed hydra misses you. The eight-headed hydra bites you.
* * * LOW HITPOINT WARNING * * *
The eight-headed hydra bites you but does no damage. x2
The eight-headed hydra bites you.
* * * LOW HITPOINT WARNING * * *
Damage: 16 (max 22) Unknown command.
Unknown command.
Unknown command.
Really quaff
m - 4 potions of heal wounds {!q}?
You feel much better.
The eight-headed hydra is engulfed in dark miasma.
The eight-headed hydra misses you.
You riposte.
You barely miss the eight-headed hydra.
The eight-headed hydra is severely wounded.
The eight-headed hydra barely misses you. x2
The eight-headed hydra bites you!
* * * LOW HITPOINT WARNING * * *
You focus on the pain.
You feel your power returning. The eight-headed hydra bites you!
* * * LOW HITPOINT WARNING * * *
The eight-headed hydra bites you.
You die...
Kikubaaqudgha rasps: "You have failed me!
Welcome... death!"

.........................##
...##.Z#.#######.#........#
...##.##.# #.###...##.#
...#..##.## ##.####..##...
...#.####.##
##.....#..###.##
...#.#####.###...##.....#
..
.........##...##.##.....#
#.#
.........()...WD#....?..##
.#
.........###..##@##......#
.. .....#####
#..#####......# .....#
#...>....###..# #. ...#.#
#.######## #..# ... ...#.#
#...ZZ...# #ZZ####..#
...#^#
#..#####.####Z......#
.....# #.......Z.#
#..###..# .....#
##.#####..###..###..#
#W##.# #.#####.......###..#


You could see an eight-headed hydra and a phantom.

Vanquished Creatures
  A two-headed ogre (D:8)
  A hippogriff (D:7)
  Sigmund (D:4)
  A water moccasin (D:7)
  2 ice beasts
  A black bear (D:6)
  A sky beast (D:7)
  4 orc warriors
  A necrophage (D:7)
  2 ogres
  2 centaurs
  A crocodile (D:7)
  A big kobold (Sewer)
  3 bullfrogs
  2 scorpions
  A howler monkey (D:7)
  A crimson imp (D:7)
  6 hounds
  2 centaur zombies (D:7)
  A centaur skeleton (D:4)
  An orc priest (D:6)
  A bullfrog skeleton (D:6)
  Natasha (twice) (D:4)
  7 orc wizards
  Terence (D:2)
  4 worker ants
  2 hound zombies
  A hound skeleton (D:7)
  11 mummies (Ossuary)
  Robin (D:2)
  14 adders
  2 river rats (Sewer)
  A shadow imp (D:5)
  2 adder skeletons
  A worm (D:2)
  2 dart slugs
  3 leopard geckos
  18 orcs
  3 ball pythons (D:3)
  4 giant cockroaches
  14 goblins
  9 hobgoblins
  12 jackals
  3 quokkas
  7 bats
  6 frilled lizards
  2 gnoll skeletons (Ossuary)
  2 goblin skeletons (Ossuary)
  20 kobolds
  2 kobold skeletons (Ossuary)
  A leopard gecko skeleton (D:7)
  2 orc skeletons (Ossuary)
  A quokka skeleton (D:5)
  13 rats
  11 rat skeletons (Ossuary)
221 creatures vanquished.

Vanquished Creatures (collateral kills)
  The ghost of junb69 the Destroyer, a novice NaIE of Vehumet (D:8)
  A phantom (D:7)
  A centaur (D:6)
  An ogre (D:7)
  2 bullfrogs (D:6)
  An orc priest (D:7)
  A hound zombie (D:8)
  2 howler monkey skeletons
  A worm (D:3)
  4 orcs (D:7)
  2 bats (D:1)
  2 goblins (D:2)
  A hobgoblin (D:1)
  2 jackals (D:7)
  A frilled lizard (D:4)
23 creatures vanquished.

Grand Total: 244 creatures vanquished

Notes
Turn   | Place    | Note
-------+----------+-------------------------------------------
     0 | D:1      | Gorice the Demonspawn Necromancer began the quest for the Orb.
     0 | D:1      | Reached XP level 1. HP: 13/13 MP: 3/3
     4 | D:1      | Learned a level 1 spell: Animate Skeleton
   472 | D:1      | Gained mutation: You sometimes gain a little power by taking damage. [demonic ancestry]
   472 | D:1      | Reached XP level 2. HP: 17/19 MP: 0/5
   658 | D:1      | Reached skill level 5 in Necromancy
  1078 | D:2      | Gained mutation: You sometimes gain power by taking damage. [demonic ancestry]
  1078 | D:2      | Reached XP level 3. HP: 8/24 MP: 0/6
  1078 | D:2      | HP: 6/24 [poisoned by an adder]
  1085 | D:2      | HP: 5/24 [poisoned by an adder]
  1093 | D:2      | HP: 3/24 [poisoned by an adder]
  1565 | D:2      | Noticed Terence
  1626 | D:2      | Killed Terence
  1626 | D:2      | Gained mutation: You are surrounded by a mild repulsion field. (EV +2) [demonic ancestry]
  1626 | D:2      | Reached XP level 4. HP: 22/30 MP: 0/8
  1840 | D:2      | Reached skill level 6 in Necromancy
  1912 | D:2      | Learned a level 3 spell: Vampiric Draining
  1920 | D:2      | Noticed Robin
  2107 | D:2      | Killed Robin
  2107 | D:2      | Reached skill level 3 in Spellcasting
  2463 | D:2      | Reached XP level 5. HP: 34/35 MP: 6/9
  2777 | D:2      | Learned a level 4 spell: Animate Dead
  3334 | D:3      | Reached skill level 7 in Necromancy
  3364 | D:3      | Found a glowing drain.
  3369 | Sewer    | Entered a sewer
  3508 | Sewer    | Gained mutation: You are immune to rotting. [demonic ancestry]
  3508 | Sewer    | Reached XP level 6. HP: 29/41 MP: 2/11
  3551 | Sewer    | Found a white marble altar of Elyvilon.
  4115 | D:4      | Found a sand-covered staircase.
  4137 | Ossuary  | Entered an ossuary
  4435 | Ossuary  | Reached skill level 4 in Spellcasting
  4441 | Ossuary  | Learned a level 4 spell: Control Undead
  4678 | Ossuary  | HP: 3/41 [mummy (17)]
  5603 | D:4      | Noticed Sigmund
  5618 | D:4      | Killed Sigmund
  5618 | D:4      | Reached skill level 8 in Necromancy
  5618 | D:4      | Gained mutation: You are surrounded by a moderate repulsion field. (EV +3) [demonic ancestry]
  5618 | D:4      | Reached XP level 7. HP: 34/46 MP: 5/14
  5858 | D:4      | Noticed Natasha
  5862 | D:4      | Killed Natasha
  6032 | D:4      | Noticed Natasha
  6035 | D:4      | Killed Natasha
  6035 | D:4      | Reached skill level 5 in Spellcasting
  6211 | D:5      | Entered Level 5 of the Dungeon
  6346 | D:5      | Found a bloodstained altar of Trog.
  6605 | D:5      | Reached skill level 9 in Necromancy
  6637 | D:5      | Reached XP level 8. HP: 41/52 MP: 3/16
  7304 | D:6      | Reached skill level 6 in Spellcasting
  7996 | D:6      | Reached skill level 10 in Necromancy
  8048 | D:6      | Reached skill level 7 in Spellcasting
  8266 | D:6      | Gained mutation: You may emit foul miasma when damaged in melee. [demonic ancestry]
  8266 | D:6      | Reached XP level 9. HP: 53/57 MP: 2/20
  8335 | D:6      | Found a staircase to the Ecumenical Temple.
  8357 | Temple   | Entered the Ecumenical Temple
  8393 | Temple   | Became a worshipper of Kikubaaqudgha
  8562 | D:6      | Learned a level 3 spell: Regeneration
  8629 | D:7      | Reached skill level 1 in Armour
  8746 | D:7      | Reached skill level 2 in Armour
  8860 | D:7      | Found a burning altar of Makhleb.
  9067 | D:7      | Reached skill level 11 in Necromancy
  9121 | D:7      | Reached skill level 3 in Armour
  9121 | D:7      | Reached skill level 8 in Spellcasting
  9136 | D:7      | Reached * piety under Kikubaaqudgha
  9136 | D:7      | Identified Kikubaaqudgha's Volume of Black Magic (Kikubaaqudgha gifted it to you on level 7 of the Dungeon)
  9136 | D:7      | Received a gift from Kikubaaqudgha
  9156 | D:7      | Learned a level 2 spell: Sublimation of Blood
  9646 | D:8      | Reached skill level 4 in Armour
  9692 | D:8      | Noticed a two-headed ogre
  9692 | D:8      | Noticed junb69's ghost (novice NaIE)
  9719 | D:8      | HP: 11/57 [two-headed ogre/giant club (12)]
  9720 | D:8      | Killed a two-headed ogre
  9720 | D:8      | Reached skill level 9 in Spellcasting
  9720 | D:8      | Gained mutation: You have sharp fingernails. [demonic ancestry]
  9720 | D:8      | Reached XP level 10. HP: 13/63 MP: 16/23
  9725 | D:8      | HP: 13/63 [junb69's ghost (4)]
  9734 | D:8      | Killed junb69's ghost
  9734 | D:8      | Reached skill level 5 in Armour
 10079 | D:8      | Found a shattered altar of Ashenzari.
 10134 | D:8      | Noticed an eight-headed hydra
 10162 | D:8      | HP: 17/64 [eight-headed hydra (6)]
 10162 | D:8      | HP: 5/64 [eight-headed hydra (5)]
 10163 | D:8      | Slain by an eight-headed hydra

Vault maps used:
D:1:      lemuel_arrival_cross
D:2:      uniq_terence, uniq_robin
D:3:      portal_sewer_entry_e, first_bread
D:4:      nicolae_ossuary_entry_false_entrances, uniq_natasha, uniq_sigmund
D:5:      nicolae_overflow_crystal_walls
D:6:      minivault_11, kennysheep_generic_room_5
D:7:      makhleb_blood_cavern_becter, hangedman_decor_points
D:8:      nemelex_xobeh_ov_fountains_minmay, cheibrodos_ashenzari_chains
Temple:   nicolae_temple_x_marks_the_god
Sewer:    sewer_kobolds
Ossuary:  ossuary_due_small_catacomb

Skill      XL: |  1  2  3  4  5  6  7  8  9 10 |
---------------+-------------------------------+-----
Necromancy     | 5 6 7 8 9 10 11 | 11.0
Spellcasting   | 3 4 5 7 9 |  9.2
Armour         | 4 5 |  5.3
Fighting       | |  0.8
Dodging        | |  1.7
Stealth        | |  1.7

Action                   |  1- 3 |  4- 6 |  7- 9 | 10-12 || total
-------------------------+-------+-------+-------+-------++-------
Melee: Short sword       |     5 |   163 |       |       ||   168
       Flail             |       |   106 |    43 |       ||   149
       Scimitar          |       |       |    93 |     6 ||    99
Throw: Javelin           |       |    24 |       |     1 ||    25
       Stone             |       |     4 |       |       ||     4
       Tomahawk          |       |       |    12 |       ||    12
 Cast: Pain              |    56 |   136 |   146 |    12 ||   350
       Animate Skeleton  |    14 |    38 |    33 |     1 ||    86
       Control Undead    |       |     2 |     2 |       ||     4
       Vampiric Draining |       |       |    46 |     3 ||    49
       Regeneration      |       |       |     1 |       ||     1
       Animate Dead      |       |       |       |     2 ||     2
  Use: Scroll            |       |     9 |    10 |       ||    19
       Potion            |       |     1 |       |     1 ||     2
 Stab: Sleeping          |       |     4 |     1 |       ||     5
       Distracted        |       |       |     3 |       ||     3
  Eat: Chunk             |     3 |     9 |    14 |     1 ||    27
       Meat ration       |       |     1 |       |       ||     1
       Pizza             |       |       |       |     1 ||     1
Armor: Robe              |     7 |    59 |    33 |       ||    99
       Ring mail         |       |       |    55 |     6 ||    61
Dodge: Dodged            |    13 |   168 |   208 |    15 ||   404
       Rpst.: Scimitar   |       |       |    48 |     2 ||    50

Table legend:
 A = Turns spent in this place as a percentage of turns spent in the entire game.
 B = Non-inter-level travel turns spent in this place as a percentage of non-inter-level travel turns spent in the entire game.
 C = Inter-level travel turns spent in this place as a percentage of turns spent in this place.
 D = Turns resting spent in this place as a percentage of non-inter-level travel turns spent in this place.
 E = Turns spent auto-exploring this place as a percentage of non-inter-level travel turns spent in this place.
 F = Non-inter-level travel turns spent in this place divided by the number of levels of this place that you've seen.
                   A       B       C       D       E      F
               +-------+-------+-------+-------+-------+----------------------
         Total | 100.0 | 100.0 |   0.2 |   3.2 |   3.9 | 360.4
       Dungeon |  84.1 |  84.1 |   0.3 |   3.2 |   4.6 | 416.6
        Temple |   1.4 |   1.4 |   0.0 |   0.0 |   0.0 |  55.0
         Sewer |   3.8 |   3.8 |   0.0 |   1.3 |   0.7 | 150.0
       Ossuary |  10.7 |  10.7 |   0.0 |   4.0 |   0.5 | 426.0
               +-------+-------+-------+-------+-------+----------------------

Vault maps used:
D:1:      lemuel_arrival_cross
D:2:      uniq_terence, uniq_robin
D:3:      portal_sewer_entry_e, first_bread
D:4:      nicolae_ossuary_entry_false_entrances, uniq_natasha, uniq_sigmund
D:5:      nicolae_overflow_crystal_walls
D:6:      minivault_11, kennysheep_generic_room_5
D:7:      makhleb_blood_cavern_becter, hangedman_decor_points
D:8:      nemelex_xobeh_ov_fountains_minmay, cheibrodos_ashenzari_chains
Temple:   nicolae_temple_x_marks_the_god
Sewer:    sewer_kobolds
Ossuary:  ossuary_due_small_catacomb
